 Dungeon Crawl Stone Soup version 0.21.1-1-g345015f (webtiles) character file.

56 vatarom the Distorting Demonspawn (level 3, 0/29 HPs)
             Began as a Demonspawn Abyssal Knight on May 3, 2018.
             Was a Believer of Lugonu.
             Slain by an adder (3 damage)
             ... on level 2 of the Dungeon.
             The game lasted 00:02:21 (1552 turns).

vatarom the Distorting Demonspawn (DsAK)            Turns: 1552, Time: 00:02:22

Health: 0/29       AC:  3    Str: 12    XL:     3   Next: 71%
Magic:  5/5        EV: 11    Int: 15    God:    Lugonu [**....]
Gold:   158        SH:  0    Dex: 11    Spells: 2/2 levels left

rFire    . . .     SeeInvis .   a - +1 falchion
rCold    . . .     Gourm    .   (no shield)
rNeg     . . .     Faith    .   b - +0 leather armour
rPois    .         Spirit   .   (helmet restricted)
rElec    .         Reflect  .   (no cloak)
rCorr    .         Harm     .   (no gloves)
MR       .....                  (no boots)
Stlth    +.........             (no amulet)
HPRegen  0.00/turn              e - ring of loudness (curse)
MPRegen  0.09/turn              (no ring)

@: lethally poisoned (0 -> -7)
A: antennae 1, clever 1, clumsy 1, nightstalker 1, inhibited regeneration
a: Depart the Abyss, Bend Space, Renounce Religion


You were on level 2 of the Dungeon.
You worshipped Lugonu.
Lugonu was pleased with you.
You were not hungry.

You visited 1 branch of the dungeon, and saw 2 of its levels.
You visited the Abyss 1 time.

You collected 158 gold pieces.

Inventory:

Hand Weapons
 a - a +1 falchion (weapon)
Armour
 b - a +0 leather armour (worn)
Jewellery
 e - a cursed ring of loudness (left hand)
Scrolls
 d - 2 scrolls of identify {unknown}
 f - a scroll of fear {unknown}
 g - a scroll of teleportation {unknown}
 h - a scroll of amnesia {unknown}
Comestibles
 c - 2 rations
 i - a chunk of flesh


   Skills:
 - Level 3.1 Fighting
 * Level 3.0 Long Blades
 - Level 1.9 Armour
 - Level 0.8 Dodging
 + Level 3.4 Invocations


You had 2 spell levels left.
You didn't know any spells.

Dungeon Overview and Level Annotations

Branches:
Dungeon (2/15)

Altars:
Kikubaaqudgha


Innate Abilities, Weirdness & Mutations

You have a pair of small antennae on your head.
You are slightly more attuned to the shadows.
Your mind is acute. (Int +2)
You are clumsy. (Dex -2)
You do not regenerate when monsters are visible.


Message History

The adder is almost dead.
You feel sick. The adder bites you.
* * * LOW HITPOINT WARNING * * *
The adder bites you.
* * * LOW HITPOINT WARNING * * *
Unknown command.
You barely miss the adder.
The adder is almost dead.
The adder barely misses you.
You closely miss the adder.
The adder is almost dead.
* * * LOW HITPOINT WARNING * * *
You feel sick. The adder bites you but does no damage. The adder bites you.
* * * LOW HITPOINT WARNING * * *
Unknown command.
You barely miss the adder.
The adder is almost dead.
* * * LOW HITPOINT WARNING * * *
You feel sick. The adder bites you.
You die...

###################
#...........(......
.####.###.#.#.### .. #
#.# #.#.#.###.... ..
##.###.#...@S.....
##.###...##...#........
.)............#####....
.##.....##.##). ##.
#.##.#.##.#.##.
#...###...#.(#. #..
#.##)#(##.#.## #..#
.##†.(..##.##. #..#
.............. #..#


You could see an adder.

Vanquished Creatures
  Jessica (D:2)
  A worm (D:2)
  A dart slug (D:1)
  A leopard gecko (D:2)
  2 ball pythons (D:1)
  2 giant cockroaches
  A goblin (D:1)
  A hobgoblin (D:2)
  8 kobolds
  4 bats
  2 frilled lizards
  4 rats
28 creatures vanquished.

Notes
Turn   | Place    | Note
-------+----------+-------------------------------------------
     0 | Abyss:1  | vatarom the Demonspawn Abyssal Knight began the quest for the Orb.
     0 | Abyss:1  | Reached XP level 1. HP: 18/18 MP: 2/2
    38 | D:1      | Escaped the Abyss
   204 | D:1      | Gained mutation: You are slightly more attuned to the shadows. [demonic ancestry]
   204 | D:1      | Reached XP level 2. HP: 15/24 MP: 4/4
  1072 | D:2      | Found an ancient bone altar of Kikubaaqudgha.
  1410 | D:2      | Noticed Jessica
  1417 | D:2      | Gained mutation: You do not regenerate when monsters are visible. [potion of mutation]
  1417 | D:2      | Gained mutation: You are clumsy. (Dex -2) [potion of mutation]
  1417 | D:2      | Gained mutation: Your mind is acute. (Int +2) [potion of mutation]
  1422 | D:2      | Killed Jessica
  1422 | D:2      | Gained mutation: You have a pair of small antennae on your head. [demonic ancestry]
  1422 | D:2      | Reached XP level 3. HP: 27/29 MP: 5/5
  1491 | D:2      | Reached ** piety under Lugonu
  1552 | D:2      | Slain by an adder

Skill      XL: |  1  2 |
---------------+-------+-----
Long Blades    | 2 3 |  3.0
Invocations    | 3 |  3.4
Fighting       | |  3.1
Armour         | |  1.9
Dodging        | |  0.8

Action                   || total
-------------------------++-------
Melee: Falchion          ||    83
  Use: Potion            ||     4
  Eat: Chunk             ||     2
Armor: Leather armour    ||    30
Dodge: Dodged            ||    57
       Rpst.: Falchion   ||    22
